 Dungeon Crawl Stone Soup version 0.22.1-2-g9c5b331383 (webtiles) character file.

5680 McIrco the Peltast (level 10, -8/74 HPs)
             Began as a Barachi Fighter on Jan 5, 2019.
             Was an Elder of Okawaru.
             Killed from afar by Fannar (23 damage)
             ... with a bolt of cold
             ... on level 9 of the Dungeon.
             The game lasted 00:27:20 (9701 turns).

McIrco the Peltast (Barachi Fighter)                Turns: 9701, Time: 00:27:21

Health: -8/74      AC: 20    Str: 19    XL:     10   Next: 75%
Magic:  10/10      EV:  5    Int:  8    God:    Okawaru [****..]
Gold:   377        SH: 23    Dex: 14    Spells: 9/9 levels left

rFire    + + .     SeeInvis .   D - +7 dagger of the Crawling Thing {freeze, rF++}
rCold    + . .     Gourm    .   E - +3 large shield {AC+3}
rNeg     + . .     Faith    .   K - +0 plate armour
rPois    .         Spirit   .   (no helmet)
rElec    .         Reflect  .   L - +2 cloak
rCorr    .         Harm     .   e - +0 pair of gloves
MR       .....                  (no boots)
Stlth    ..........             s - amulet of magic regeneration
HPRegen  0.22/turn              y - ring of positive energy
MPRegen  0.37/turn              j - ring of protection from cold

@: slow
A: +LOS, swims, slowness 1, strong legs 1
a: Hop, Heroism, Renounce Religion


You were on level 9 of the Dungeon.
You worshipped Okawaru.
Okawaru was greatly pleased with you.
You were hungry.

You visited 3 branches of the dungeon, and saw 12 of its levels.

You collected 623 gold pieces.
You spent 246 gold pieces at shops.

Inventory:

Hand Weapons
 a - a +0 long sword
 D - the +7 dagger of the Crawling Thing (weapon) {freeze, rF++}
   (You found it on level 5 of the Dungeon)

   It has been specially enchanted to freeze those struck by it, causing extra
   injury to most foes and up to half again as much damage against particularly
   susceptible opponents.
   It can also slow down cold-blooded creatures.
   It greatly protects you from fire.
 F - the +1 trident of Defence {venom, Str+3}
   (You took it off a crimson imp on level 6 of the Dungeon)

   It poisons the flesh of those it strikes.
   It affects your strength (+3).
Missiles
 N - 8 poisoned javelins (quivered)
Armour
 b - a +0 scale mail
 e - a +0 pair of gloves (worn)
 k - a scarf of repulsion
 E - a +3 large shield of protection (worn)
 H - a +0 cloak
 K - a +0 plate armour (worn)
 L - a +2 cloak (worn)
Jewellery
 c - an uncursed ring of protection from fire
 j - a ring of protection from cold (right hand)
 s - an amulet of magic regeneration (around neck)
 y - a ring of positive energy (left hand)
 I - an uncursed ring of magical power
Wands
 x - a wand of disintegration (29)
 J - a wand of paralysis (10)
Scrolls
 i - 4 scrolls of identify
 m - 3 scrolls of immolation
 o - a scroll of blinking
 p - 2 scrolls of amnesia {unknown}
 q - 4 scrolls of magic mapping
 r - a scroll of noise {unknown}
 w - a scroll of fog
 C - 4 scrolls of teleportation
 M - 3 scrolls of remove curse
 O - 2 scrolls of enchant weapon
Potions
 d - a potion of might
 g - 3 potions of heal wounds
 h - 2 potions of curing
 l - 4 potions of haste
 n - a potion of cancellation
 t - 2 potions of mutation
 u - 3 potions of invisibility
 v - 2 potions of brilliance
 z - 2 potions of berserk rage
 A - 2 potions of lignification
 B - 4 potions of degeneration
 G - a potion of flight
 P - a potion of ambrosia {unknown}
Comestibles
 f - 22 rations
 Q - 5 chunks of flesh


   Skills:
 + Level 5.3 Fighting
 - Level 2.4 Long Blades
 + Level 6.1 Armour
 + Level 3.2 Dodging
 * Level 15.2 Shields


You had 9 spell levels left.
You didn't know any spells.
Your spell library contained the following spells:

 Spells                   Type           Power        Failure   Level  Hunger
 Animate Skeleton         Necr           N/A          100%        1    ##.....
 Pain                     Necr           #...         100%        1    ##.....
 Shock                    Conj/Air       #...         100%        1    ##.....
 Swiftness                Chrm/Air       #.......     100%        2    ###....
 Regeneration             Chrm/Necr      #.........   100%        3    ####...
 Static Discharge         Conj/Air       #.......     100%        3    ####...
 Vampiric Draining        Necr           #.........   100%        3    ####...
 Airstrike                Air            #.........   100%        4    #####..
 Animate Dead             Necr           N/A          100%        4    #####..
 Lightning Bolt           Conj/Air       #.........   100%        5    ######.


Dungeon Overview and Level Annotations

Branches:
Dungeon (10/15)            Temple (1/1) D:4            Lair (1/6) D:9
    Orc: D:9-12

Altars:
Ashenzari
Cheibriados
Dithmenos
Fedhas
Gozag
Hepliaklqana
Kikubaaqudgha
Makhleb
Okawaru
Qazlal
Sif Muna
Trog
Uskayaw
Vehumet
Wu Jian
Xom
Yredelemnul
The Shining One

Shops:
D:5 *

Annotations:
D:8 miami27's ghost, novice MiBe
D:9 Fannar
Lair:1 Urug


Innate Abilities, Weirdness & Mutations

Shadows flee at your approach. (+LOS)
You can swim through water.
You cover ground slowly.
You can hop short distances.


Message History

The bolt of cold hits you! You resist.
* * * LOW HITPOINT WARNING * * *
Unknown command.
Fannar mumbles some strange words.
Fannar blinks!
You closely miss the ice beast.
The ice beast hits you but does no damage.
You hit the ice beast.
The ice beast is lightly wounded.
You block the ice beast's attack.
You puncture the ice beast!
The ice beast is moderately wounded.
The ice beast barely misses you.
You hit the ice beast but do no damage.
The ice beast is moderately wounded.
You block the ice beast's attack. Fannar casts a spell at you.
The bolt of cold hits the ice beast.
The ice beast completely resists.
The bolt of cold hits you! You resist.
You die...

##.##.....# ####
###########
###...#.#.#.# ####...
..........#
#.........#.# #......
###รท.####.#
#(#...#.###.# #.##.##
##># #.#
#.##.##.....###.##.# ###
#.# #.##............##.#
#.###.################.#
#.##>)e######## #.#
#....)YY@.....# #.#
####..Y######.########.#
##.## #..........#
##.#######..#########
#...........###
##.######.....# ###
#.....# #...#.# #.#...#


You could see Fannar and 3 ice beasts.

Vanquished Creatures
  Psyche (D:8)
  A troll (D:9)
  A hippogriff (D:9)
  Sigmund (D:4)
  Duvessa (D:7)
  3 sky beasts (D:5)
  An orc warrior (D:7)
  An ice beast (D:8)
  A phantom (D:7)
  7 ogres
  A black bear (D:9)
  6 centaurs
  A big kobold (D:7)
  5 bullfrogs
  Dowan (D:7)
  2 scorpions
  10 killer bees
  6 wights
  2 howler monkeys
  2 crimson imps (D:6)
  A bullfrog zombie (D:9)
  2 centaur skeletons
  5 orc priests
  7 hounds
  2 jellies
  Crazy Yiuf (D:7)
  2 bullfrog skeletons (D:5)
  3 orc wizards
  6 worker ants
  5 hound skeletons
  2 worker ant zombies
  11 gnolls
  9 river rats (D:5)
  11 adders
  3 shadow imps
  4 adder skeletons
  3 worms
  A dart slug (D:3)
  4 leopard geckos
  33 orcs
  2 ball pythons
  3 giant cockroaches
  5 goblins
  3 hobgoblins
  15 jackals
  8 quokkas
  4 bats
  8 frilled lizards
  10 kobolds
  A leopard gecko skeleton (D:5)
  17 rats
  A fungus (D:7)
246 creatures vanquished.

Notes
Turn   | Place    | Note
-------+----------+-------------------------------------------
     0 | D:1      | McIrco the Barachi Fighter began the quest for the Orb.
     0 | D:1      | Reached XP level 1. HP: 18/18 MP: 1/1
   478 | D:2      | Reached skill level 4 in Shields
   478 | D:2      | Reached XP level 2. HP: 24/24 MP: 2/2
   508 | D:2      | Reached XP level 3. HP: 29/29 MP: 3/3
   545 | D:2      | Reached skill level 5 in Shields
   555 | D:2      | Reached XP level 4. HP: 14/36 MP: 4/4
   569 | D:2      | Found a faded altar of an unknown god.
   950 | D:2      | Found an opulent altar of Gozag.
  1236 | D:2      | Reached skill level 6 in Shields
  1269 | D:2      | You fall through a shaft!
  1322 | D:3      | Reached XP level 5. HP: 41/41 MP: 5/5
  1555 | D:3      | Noticed an ogre
  1566 | D:3      | Killed an ogre
  1566 | D:3      | Reached skill level 7 in Shields
  1974 | D:3      | Reached XP level 6. HP: 44/47 MP: 6/6
  2943 | D:4      | Noticed Sigmund
  2962 | D:4      | Killed Sigmund
  2962 | D:4      | Reached skill level 8 in Shields
  2962 | D:4      | Reached XP level 7. HP: 45/52 MP: 7/7
  3159 | D:4      | Reached skill level 9 in Shields
  3284 | D:4      | Found a staircase to the Ecumenical Temple.
  3403 | Temple   | Entered the Ecumenical Temple
  3450 | Temple   | Became a worshipper of Warmaster Okawaru
  3932 | D:5      | Entered Level 5 of the Dungeon
  4007 | D:5      | Found a bloodstained altar of Trog.
  4019 | D:5      | Got a steaming dagger
  4134 | D:5      | Found Igayhud's General Store.
  4137 | D:5      | Bought a +0 large shield of protection for 149 gold pieces
  4137 | D:5      | Identified the +7 dagger of the Crawling Thing {freeze,
                  | rF++} (You found it on level 5 of the Dungeon)
  4148 | D:5      | Bought 2 scrolls of identify for 52 gold pieces
  4148 | D:5      | Bought a scroll of magic mapping for 45 gold pieces
  4173 | D:5      | Reached skill level 10 in Shields
  4173 | D:5      | Reached XP level 8. HP: 60/60 MP: 8/8
  4672 | D:5      | Reached * piety under Okawaru
  4732 | D:5      | Reached skill level 11 in Shields
  5065 | D:5      | Reached skill level 1 in Dodging
  5511 | D:6      | Reached ** piety under Okawaru
  5511 | D:6      | Reached XP level 9. HP: 58/65 MP: 9/9
  5525 | D:6      | Reached skill level 12 in Shields
  5734 | D:6      | Got an encrusted trident {venom}
  5935 | D:6      | Identified the cursed +1 trident of Defence {venom, Str+3}
                  | (You took it off a crimson imp on level 6 of the Dungeon)
  6600 | D:7      | Reached skill level 13 in Shields
  6636 | D:7      | Reached skill level 5 in Armour
  6688 | D:7      | Noticed Dowan
  6689 | D:7      | Noticed Duvessa
  6747 | D:7      | Killed Dowan
  6747 | D:7      | Reached *** piety under Okawaru
  6793 | D:7      | Found an ornate altar of the Wu Jian Council.
  6948 | D:7      | Killed Duvessa
  6948 | D:7      | Reached XP level 10. HP: 54/73 MP: 10/10
  7259 | D:7      | Reached skill level 5 in Fighting
  7259 | D:7      | Reached skill level 14 in Shields
  7447 | D:7      | Found a runed door.
  7451 | D:7      | Noticed Crazy Yiuf
  7463 | D:7      | Killed Crazy Yiuf
  7626 | D:8      | Noticed miami27's ghost (novice MiBe)
  7629 | D:8      | Found a runed door.
  7688 | D:8      | Received a gift from Okawaru
  7759 | D:8      | Noticed Psyche
  7771 | D:8      | Killed Psyche
  7831 | D:8      | Reached **** piety under Okawaru
  9271 | D:9      | Reached skill level 15 in Shields
  9506 | D:9      | Found a staircase to the Lair.
  9574 | Lair:1   | Entered Level 1 of the Lair of Beasts
  9575 | Lair:1   | Noticed Urug
  9610 | D:10     | Entered Level 10 of the Dungeon
  9613 | D:10     | Noticed Fannar
  9701 | D:9      | Killed from afar by Fannar

Skill      XL: |  1  2  3  4  5  6  7  8  9 10 |
---------------+-------------------------------+-----
Shields        | 4 5 6 7 8 10 11 13 15 | 15.2
Armour         | 4 5 6 |  6.1
Fighting       | 4 5 |  5.3
Dodging        | 1 2 3 |  3.2
Long Blades    | |  2.4

Action                   |  1- 3 |  4- 6 |  7- 9 | 10-12 || total
-------------------------+-------+-------+-------+-------++-------
Melee: Long sword        |    98 |   213 |    86 |       ||   397
       Dagger            |       |       |   461 |   326 ||   787
       Trident           |       |       |     6 |       ||     6
 Abil: Hop               |       |       |     2 |     2 ||     4
  Use: Potion            |       |     3 |       |     2 ||     5
       Scroll            |       |       |    17 |     4 ||    21
 Stab: Invisible         |       |       |       |     1 ||     1
  Eat: Chunk             |       |     6 |    14 |     6 ||    26
       Ration            |       |       |     1 |     1 ||     2
Armor: Scale mail        |    44 |    93 |   109 |     9 ||   255
       Plate armour      |       |       |       |   117 ||   117
Dodge: Dodged            |    25 |    60 |    78 |    48 ||   211
       Deflected         |       |     2 |     5 |       ||     7
Block: Shield            |    57 |   117 |    77 |       ||   251
       Large shield      |       |       |   398 |   389 ||   787
       Rpst.: Long sword |     8 |    15 |    13 |       ||    36
